 Dungeon Crawl Stone Soup version 0.29.1-2-gbd0b4ee654 (webtiles) character file.

Game seed: 15926598044295618135

14274 DemonSlayer the Arsonist (level 11, -7/77 HPs)
             Began as a Demonspawn Fire Elementalist on Nov 26, 2022.
             Was an Elder of Makhleb.
             Killed by divine providence
             ... invoked by an orc priest
             ... led by an orc knight
              (12 damage)
             ... on level 2 of the Orcish Mines.
             The game lasted 00:51:11 (16073 turns).

DemonSlayer the Arsonist (DsFE)                    Turns: 16073, Time: 00:51:12

Health: -7/77      AC:  8    Str: 15    XL:     11   Next: 86%
Magic:  13/34      EV: 16    Int: 19    God:    Makhleb [****..]
Gold:   460        SH:  5    Dex: 14    Spells: 2/30 levels left

rFire   . . .      SeeInvis .   b - +8 arbalest of the Inquisitive Queens {vorpal, rCorr}
rCold   . . .      Faith    .   (shield currently unavailable)
rNeg    . . .      Spirit   .   d - +0 robe of Wuubeg {+Inv Str+2}
rPois   .          Reflect  +   k - +0 helmet {Int+3}
rElec   .          Harm     .   B - +0 cloak
rCorr   +          Rampage  .   s - +2 pair of gloves {hurl}
Will    .....                   y - +0 pair of boots
Stlth   ++++......              z - amulet of reflection
HPRegen 0.22/turn               A - ring of magical power
MPRegen 0.24/turn               (no ring)

@: about to teleport, hasted, studying Fighting, very quick
A: repulsion field 2, foul stench 2, demonic magic 1, weakness stinger 2
a: Renounce Religion, Evoke Invisibility, Minor Destruction, Lesser Servant of
Makhleb, Major Destruction


You were on level 2 of the Orcish Mines.
You worshipped Makhleb.
Makhleb was greatly pleased with you.
You visited 3 branches of the dungeon, and saw 12 of its levels.
You also visited: Sewer and Ossuary.

You collected 1662 gold pieces.
You spent 1202 gold pieces at shops.

Inventory:

Hand Weapons
 b - the +8 arbalest of the Inquisitive Queens (weapon) {vorpal, rCorr}
   (You bought it in a shop on level 2 of the Orcish Mines)

   Any ammunition fired from it inflicts extra damage upon your enemies.
   rCorr:     It protects you from acid and corrosion.
 g - a +5 dagger of chaos
Armour
 d - the +0 robe of Wuubeg (worn) {+Inv Str+2}
   (You bought it in a shop on level 2 of the Orcish Mines)

   Str:       It affects your strength (+2).
   +Inv:      It lets you turn invisible.
 k - a +0 helmet of intelligence (worn)
 s - a +2 pair of gloves of hurling (worn)
 t - +0 swamp dragon scales
 y - a +0 pair of boots (worn)
 B - a +0 cloak (worn)
 C - a +2 robe of positive energy
 J - a +0 kite shield
Jewellery
 z - an amulet of reflection (around neck)
 A - a ring of magical power (left hand)
Scrolls
 e - 5 scrolls of teleportation
 h - 2 scrolls of poison
 j - a scroll of amnesia
 u - a scroll of immolation
 D - a scroll of vulnerability
 F - a scroll of butterflies
Potions
 a - 8 potions of curing
 c - a potion of flight
 i - 6 potions of mutation
 l - 4 potions of might
 m - 2 potions of resistance
 n - 3 potions of ambrosia
 o - 2 potions of berserk rage
 p - a potion of brilliance
 q - a potion of cancellation {unknown}
 K - a potion of lignification
 L - a potion of attraction {unknown}
Miscellaneous
 x - a lightning rod (4/4)


   Skills:
 + Level 4.1 Fighting
 + Level 3.2 Short Blades
 + Level 0.4 Ranged Weapons
 + Level 2.2 Armour
 + Level 3.5 Dodging
 + Level 7.5 Stealth
 + Level 1.1 Shields
 + Level 10.4 Spellcasting
 + Level 4.2 Conjurations
 + Level 0.4 Hexes
 + Level 10.6 Fire Magic
 + Level 2.7 Evocations


You had 2 spell levels left.
You knew the following spells:

 Your Spells              Type           Power      Damage    Failure   Level
a - Foxfire               Conj/Fire      100%       2x1d9     1%          1
b - Scorch                Fire           100%       2d10      1%          2
c - Conjure Flame         Conj/Fire      38%        6-21      1%          3
d - Flame Wave            Conj/Fire      38%        2d10      3%          4
e - Inner Flame           Hex/Fire       31%        N/A       2%          3
f - Sticky Flame          Conj/Fire      38%        2d6       3%          4
g - Lightning Bolt        Conj/Air       9%         1d21      63%         5
h - Starburst             Conj/Fire      19%        6d7       45%         6

Your spell library contained the following spells:

 Spells                   Type           Power      Damage    Failure   Level
 Static Discharge         Conj/Air       18%        3-6/arc   4%          2
 Necrotise                Necr           36%        1d5       7%          1
 Fireball                 Conj/Fire      19%        3d9       9%          5
 Confusing Touch          Hex            11%        N/A       17%         3
 Vampiric Draining        Necr           9%         2d6       22%         3
 Dispel Undead            Necr           9%         3d8       56%         4
 Yara's Violent Unravell  Hex/Tmut       5%         3d4       87%         5
 Agony                    Necr           9%         N/A       89%         5
 Ignition                 Fire           25%        3d8       99%         8
 Enfeeble                 Hex            5%         N/A       100%        7
 Maxwell's Capacitive Co  Air            4%         ∞         100%        8


Dungeon Overview and Level Annotations

Branches:
Dungeon (9/15)             Temple (1/1) D:4             Orc (2/2) D:9
    Elf (0/3) Orc:2         Sewer (visited)         Ossuary (visited)
   Lair: D:8-11

Altars:
Ashenzari
Cheibriados
Dithmenos
Fedhas
Gozag
Hepliaklqana
Kikubaaqudgha
Makhleb
Nemelex Xobeh
Okawaru
Qazlal
Ru
Sif Muna
Trog
Uskayaw
Vehumet
Wu Jian
Xom
Yredelemnul

Shops:
D:9 [   Orc:2 **:=

Annotations:
D:9 2 runed translucent doors, cdecastro's ghost, novice TeAE


Innate Abilities, Weirdness & Mutations

You are surrounded by a moderate repulsion field. (EV +3)
You sometimes emit foul miasma when damaged in melee.
Spells you cast may paralyse adjacent enemies.
You have a tail ending in a sharp stinger.


Message History

You feel better. Malevolent energies surge around you.
The warg suddenly stops moving!
The orc warrior shouts!
You shoot a bolt. The bolt hits the warg!
The warg is moderately wounded.
The orc knight unwields a +0 arbalest.
The orc knight wields a +2 broad axe of freezing.
It glows with a cold blue light!
The orc knight hits you with a +2 broad axe of freezing!!
The orc knight freezes you.
An orc sorcerer comes into view.
It is wielding a +0 dagger and wearing a +2 robe of fire resistance.
The orc knight misses you.
Okay, then.
You feel much better.
The warg is no longer paralysed.
The warg bites you. The orc warrior barely misses you.
The orc sorcerer casts a spell at you. You resist with significant effort.
The orc knight misses you.
Okay, then.
You feel yourself speed up. The warg bites you but does no damage.
The orc warrior misses you.
The orc priest calls down the wrath of Beogh upon you.
Pain shoots through your body! You block the warg's attack.
The orc knight hits you with a +2 broad axe of freezing!
* * * LOW HITPOINT WARNING * * *
The orc knight freezes you.
* * * LOW HITPOINT WARNING * * *
As you read the scroll of teleportation, it crumbles to dust.
You feel strangely unstable. The orc warrior misses you. The warg bites you!
* * * LOW HITPOINT WARNING * * *
You feel much better.
The orc knight hits you with a +2 broad axe of freezing!!
* * * LOW HITPOINT WARNING * * *
The orc knight freezes you!
* * * LOW HITPOINT WARNING * * *
You emit a cloud of foul miasma!
The warg bites you but does no damage.
The orc sorcerer shouts!
The orc knight is no longer more vulnerable to fire.
The orc priest mumbles some strange prayers to Beogh against you.
Beogh smites you!
You die...

#....#..#...........# #.
#....................#######
..............#.........##..
..#.......#.##.........O... #
####......### ##........#.#
.##.##..........###.........####
...........o..............^.# #
.......$.o...).............## ##
............o))@..........## #.
..........####.o.........# #)
.........## #oh>........# #.
o.......## ##))......#. ##
.#.#.#### ..)....... # ####
###........ # .........
.....#... ...###.


You could see an orc knight, a warg, 2 orc sorcerers, an orc warrior (strong)
and an orc priest.

Vanquished Creatures
  A two-headed ogre (D:9)
  3 orc high priests (Orc:2)
  4 orc knights (Orc:2)
  3 orc sorcerers (Orc:2)
  Joseph (D:7)
  Maggie (D:6)
  A troll (D:9)
  A hornet (D:9)
  Sigmund (D:2)
  A wyvern (D:8)
  Eustachio (D:6)
  3 vampire mosquitoes (D:9)
  Menkaure (D:6)
  A warg (Orc:2)
  2 water moccasins
  22 orc warriors
  Pargi (Sewer)
  A hornet zombie (D:7)
  A sky beast (D:8)
  An ice beast (D:7)
  2 black bears (D:6)
  3 ogres
  3 centaurs
  A phantom (D:4)
  An elf zombie (D:4)
  4 necrophages
  A gnoll sergeant (D:7)
  An elf skeleton (D:4)
  A wyvern zombie (D:7)
  Blork the orc (D:5)
  5 scorpions
  4 bullfrogs
  4 killer bees (D:7)
  2 electric eels (D:6)
  A howler monkey (D:6)
  2 centaur zombies (D:7)
  3 jellies
  5 hounds
  24 orc priests
  A gnoll bouda (D:5)
  2 human skeletons (D:4)
  Jessica (D:3)
  8 iguanas
  21 orc wizards
  4 killer bee zombies (D:7)
  8 mummies (Ossuary)
  3 gnolls (D:7)
  6 adders
  2 white imps
  2 worms (D:5)
  4 dart slugs
  72 orcs
  5 endoplasms
  9 giant cockroaches
  7 goblins
  5 hobgoblins
  3 jackals (D:2)
  7 quokkas
  6 ball pythons
  10 bats
  A frilled lizard (D:2)
  A gnoll zombie (Ossuary)
  3 hobgoblin zombies (Ossuary)
  6 kobolds
  3 kobold zombies (Ossuary)
  An orc skeleton (D:4)
  2 orc zombies
  3 rats
325 creatures vanquished.

Vanquished Creatures (collateral kills)
  17 foxfires (D:6)
17 creatures vanquished.

Vanquished Creatures (others)
  An orc priest (Orc:2)
  An orc zombie (D:5)
  321 foxfires
  9 plants (D:6)
332 creatures vanquished.

Grand Total: 674 creatures vanquished

Notes
Turn   | Place    | Note
-------+----------+-------------------------------------------
     0 | D:1      | DemonSlayer the Demonspawn Fire Elementalist began the
                  | quest for the Orb.
     0 | D:1      | Reached XP level 1. HP: 13/13 MP: 3/3
   291 | D:1      | Gained mutation: You are surrounded by a mild repulsion
                  | field. (EV +2) [demonic ancestry]
   291 | D:1      | Reached XP level 2. HP: 18/19 MP: 0/5
   294 | D:1      | Learned a level 2 spell: Scorch
  1180 | D:2      | Noticed Sigmund
  1377 | D:2      | Gained mutation: Spells you cast may paralyse adjacent
                  | enemies. [demonic ancestry]
  1377 | D:2      | Reached XP level 3. HP: 24/24 MP: 6/6
  1858 | D:3      | Found a stormy altar of Qazlal.
  1942 | D:3      | Found a broken altar of Ashenzari.
  2040 | D:3      | Noticed Jessica
  2043 | D:3      | Found a faded altar of an unknown god.
  2047 | D:3      | Killed Jessica
  2048 | D:3      | Reached XP level 4. HP: 27/30 MP: 4/8
  2302 | D:3      | Learned a level 3 spell: Conjure Flame
  2433 | D:3      | Reached XP level 5. HP: 8/35 MP: 3/9
  2435 | D:3      | Reached skill level 1 in Armour
  3293 | D:3      | Learned a level 4 spell: Flame Wave
  3507 | D:4      | Found a sand-covered staircase.
  3514 | D:4      | Gained mutation: You are surrounded by a moderate repulsion
                  | field. (EV +3) [demonic ancestry]
  3514 | D:4      | Reached XP level 6. HP: 33/41 MP: 6/11
  3612 | Ossuary  | Entered an ossuary
  4598 | D:4      | Gained mutation: You may rarely emit foul miasma when
                  | damaged in melee. [demonic ancestry]
  4598 | D:4      | Reached XP level 7. HP: 39/46 MP: 6/13
  4884 | D:4      | Reached skill level 1 in Short Blades
  4980 | D:4      | Found a staircase to the Ecumenical Temple.
  5013 | Temple   | Entered the Ecumenical Temple
  5058 | Temple   | Became a worshipper of Makhleb the Destroyer
  5326 | D:4      | Learned a level 3 spell: Inner Flame
  5447 | D:2      | Found a burning altar of Makhleb.
  5853 | D:2      | Killed Sigmund
  5854 | D:2      | Reached skill level 5 in Fire Magic
  5970 | D:5      | Entered Level 5 of the Dungeon
  5980 | D:5      | Gained mutation: You have a small tail. [demonic ancestry]
  5980 | D:5      | Reached XP level 8. HP: 47/53 MP: 6/15
  5984 | D:5      | Found an iron altar of Okawaru.
  6021 | D:5      | Noticed Blork the orc
  6154 | D:5      | Found a glowing drain.
  6158 | D:5      | Reached skill level 5 in Spellcasting
  6326 | Sewer    | Entered a sewer
  6410 | Sewer    | Noticed Pargi
  6419 | Sewer    | Killed Pargi
  6535 | D:5      | Killed Blork the orc
  6535 | D:5      | Reached * piety under Makhleb
  7717 | D:5      | Reached skill level 1 in Fighting
  7726 | D:5      | Learned a level 4 spell: Sticky Flame
  7899 | D:6      | Reached XP level 9. HP: 61/61 MP: 11/18
  8136 | D:6      | Noticed Maggie
  8427 | D:6      | Noticed Menkaure
  8430 | D:6      | Killed Menkaure
  8451 | D:6      | Noticed Eustachio
  8508 | D:6      | Killed Maggie
  9006 | D:6      | Found a shimmering blue altar of Sif Muna.
  9119 | D:6      | Killed Eustachio
  9120 | D:6      | Reached skill level 5 in Stealth
  9575 | D:6      | Learned a level 5 spell: Lightning Bolt
  9634 | D:7      | Reached ** piety under Makhleb
  9718 | D:7      | Reached skill level 1 in Evocations
  9963 | D:7      | Gained mutation: You sometimes emit foul miasma when
                  | damaged in melee. [demonic ancestry]
  9963 | D:7      | Reached XP level 10. HP: 67/67 MP: 15/21
 10163 | D:7      | Found a basalt altar of Yredelemnul.
 10770 | D:7      | Noticed Joseph
 10777 | D:7      | Killed Joseph
 11772 | D:8      | Found a radiant altar of Vehumet.
 12087 | D:9      | Noticed a two-headed ogre
 12093 | D:9      | Killed a two-headed ogre
 12301 | D:9      | Found a staircase to the Orcish Mines.
 12607 | D:9      | Found Aqosmemu's Armour Shop.
 12789 | D:9      | Found a large runed translucent door.
 12789 | D:9      | Found a large runed translucent door.
 12791 | D:9      | Noticed cdecastro's ghost (novice TeAE)
 12946 | D:9      | Paralysed by a hornet for 1 turns
 13365 | Orc:1    | Entered Level 1 of the Orcish Mines
 13394 | Orc:1    | Reached *** piety under Makhleb
 13806 | Orc:1    | Gained mutation: You have a tail ending in a sharp stinger.
                  | [demonic ancestry]
 13806 | Orc:1    | Reached XP level 11. HP: 75/75 MP: 19/24
 14123 | Orc:1    | Learned a level 6 spell: Starburst
 14138 | Orc:2    | Entered Level 2 of the Orcish Mines
 14672 | Orc:2    | Reached skill level 1 in Shields
 14696 | Orc:2    | Noticed an orc knight
 14707 | Orc:2    | Killed an orc knight
 15000 | Orc:2    | Noticed an orc high priest
 15007 | Orc:2    | Killed an orc high priest
 15222 | Orc:2    | Noticed an orc knight
 15225 | Orc:2    | Noticed an orc knight
 15230 | Orc:2    | Killed an orc knight
 15231 | Orc:2    | Reached skill level 10 in Fire Magic
 15235 | Orc:2    | Noticed an orc high priest
 15235 | Orc:2    | Killed an orc knight
 15235 | Orc:2    | Reached **** piety under Makhleb
 15242 | Orc:2    | Noticed a sixfirhy
 15247 | Orc:2    | Killed an orc high priest
 15648 | Orc:2    | Noticed an orc sorcerer
 15649 | Orc:2    | Noticed an orc high priest
 15650 | Orc:2    | Noticed an orc knight
 15651 | Orc:2    | Noticed an orc sorcerer
 15652 | Orc:2    | Killed an orc sorcerer
 15652 | Orc:2    | Killed an orc sorcerer
 15653 | Orc:2    | Reached skill level 10 in Spellcasting
 15653 | Orc:2    | Killed an orc high priest
 15662 | Orc:2    | Killed an orc knight
 15747 | Orc:2    | Found Lotogg's Assorted Antiques.
 15747 | Orc:2    | Found Susog's General Store.
 15748 | Orc:2    | Noticed an orc sorcerer
 15752 | Orc:2    | Found Ynisofir's Book Shop.
 15752 | Orc:2    | Found Lofy's Jewellery Shoppe.
 15756 | Orc:2    | Killed an orc sorcerer
 15834 | Orc:2    | Bought a heavy robe for 131 gold pieces
 15834 | Orc:2    | Identified the +0 robe of Wuubeg {+Inv Str+2} (You bought
                  | it in a shop on level 2 of the Orcish Mines)
 15834 | Orc:2    | Bought a pair of embroidered gloves for 172 gold pieces
 15834 | Orc:2    | Bought a scroll of teleportation for 69 gold pieces
 15852 | Orc:2    | Bought the +8 arbalest of the Inquisitive Queens {vorpal,
                  | rCorr} for 830 gold pieces
 16031 | Orc:2    | Found a staircase to the Elven Halls.
 16039 | Orc:2    | Noticed an orc sorcerer
 16062 | Orc:2    | Noticed an orc knight
 16068 | Orc:2    | Noticed an orc sorcerer
 16073 | Orc:2    | Killed from afar by an orc priest

Illustrated notes

Levels and vault maps discovered:
D:1:      minmay_arrival_four_houses, layout_loops_ring
D:2:      layout_basic, basic_altar, uniq_sigmund
D:3:      layout_loops_cross, general_overflow_altar,
          nicolae_ashenzari_panopticon, shapermc_ecumenical_altar_pompeii,
          ebering_dispersal_statue_hall, uniq_jessica
D:4:      layout_basic, minmay_temple_entry_glass,
          nicolae_ossuary_entry_catacombs,
          nicolae_concentric_dashed_squares_mild
D:5:      layout_basic, nicolae_overflow_crystal_walls, portal_sewer_entry_f,
          minmay_manual_moon, uniq_blork_the_orc
D:6:      layout_basic, led_sif_pool, minmay_misc_feat_chi, serial_bayou_ford_a,
          hangedman_decor_opposing, lightli_corner_chamber, uniq_maggie,
          uniq_menkaure, uniq_eustachio
D:7:      layout_basic, mainiacjoe_overflow_surrounded_room,
          nicolae_yredelemnul_corpse_copse, serial_bayou_pond_c,
          lemuel_flamethrower_2, uniq_joseph
D:8:      layout_cave_pools, mainiacjoe_overflow_alcove_1
D:9:      layout_irregular_city, david_orc_1_choice, serial_shops,
          kennysheep_mini, ebering_ghost_disaster_area, nrook_loot_triangle
Temple:   hellmonk_temple_of_storms
Orc:1:    layout_caves, nicolae_orc_rockfall
Orc:2:    grunt_orc_tribal_feast, layout_diamond_mine, basic_altar

Skill      XL: |  1  2  3  4  5  6  7  8  9 10 11 |
---------------+----------------------------------+-----
Fire Magic     | 3 4 5 6 8 9 10 | 10.6
Stealth        | 2 3 4 5 6 7 |  7.5
Dodging        | 2 3 |  3.5
Armour         | 1 2 |  2.2
Spellcasting   | 3 4 6 7 9 10 | 10.4
Conjurations   | 2 3 4 |  4.2
Short Blades   | 1 2 3 |  3.2
Fighting       | 1 2 3 4 |  4.1
Evocations     | 1 2 |  2.7
Shields        | 1 |  1.1
Ranged Weapons | |  0.4
Hexes          | |  0.4

Action                   |  1- 3 |  4- 6 |  7- 9 | 10-12 || total
-------------------------+-------+-------+-------+-------++-------
Melee: Dagger            |    44 |    30 |    69 |    61 ||   204
       Tailslap          |       |       |     4 |     1 ||     5
 Fire: Shortbow          |       |       |       |     3 ||     3
       Arbalest          |       |       |       |    16 ||    16
 Cast: Foxfire           |    28 |    61 |    76 |    26 ||   191
       Scorch            |     9 |    32 |   116 |   147 ||   304
       Sticky Flame      |       |       |       |    10 ||    10
       Flame Wave        |       |       |       |     6 ||     6
       Inner Flame       |       |       |       |     2 ||     2
Evoke: Wand              |       |       |     7 |    15 ||    22
  Use: Scroll            |     2 |     5 |    13 |    10 ||    30
       Potion            |       |     1 |       |     6 ||     7
 Stab: Sleeping          |     7 |       |    11 |     8 ||    26
       Paralysed         |     4 |    19 |    34 |    39 ||    96
       Distracted        |       |       |       |     1 ||     1
Armor: Robe              |     3 |       |    12 |    27 ||    42
       Leather armour    |     1 |    11 |    11 |       ||    23
Dodge: Dodged            |    34 |    16 |    74 |   108 ||   232
Block: Other             |       |       |       |    33 ||    33
       Reflection        |       |       |       |     7 ||     7
